[Event "*** Titled Tuesday Blitz"]
[Site "Chess.com"]
[Date "2020.05.05"]
[Round "3"]
[White "Poghosyan_Suren"]
[Black "konradrutkowski"]
[Result "1-0"]
[WhiteElo "2481"]
[BlackElo "2181"]
[TimeControl "180+1"]
[EndTime "10:30:19 PDT"]
[Termination "Poghosyan_Suren won by resignation"]

1. Nf3 Nf6 2. c4 g6 3. b3 Bg7 4. Bb2 O-O 5. g3 d6 6. Bg2 c5 7. O-O Nc6 8. d4 d5 9. dxc5 dxc4 10. Qc1 cxb3 11. axb3 Be6 12. Nbd2 h6 13. Nc4 Qc8 14.
Nfd2 Rd8 15. Bc3 Rb8 16. b4 Bh3 17. Qb2 Bxg2 18. Kxg2 a6 19. e4 Qe6 20. Rfe1 Rd3 21. Nb6 Rbd8 22. Rad1 h5 23. Qc2 h4 24. Bxf6 h3+ 25.
Kf1 Bxf6 26. Nd5 R3xd5 27. exd5 Qxd5 28. Ne4 Nd4 29. Qd3 Bg7 30. g4 f5 31. gxf5 gxf5 32. Qxh3 fxe4 33. Kg2 e3+ 34. f3 e2 35. Rxe2 Qb3 36.
Red2 Rf8 37. Rd3 Qc2+ 38. R1d2 Qb1 39. Qg3 Qa1 40. Qf2 Rf5 41. Rd1 Rg5+ 42. Kh3 Qa4 43.
Rxd4 Bxd4 44. Rxd4 Qe8 45. Rg4 Qh5+ 46. Qh4 Qxh4+ 47.
Kxh4 Rxg4+ 48. Kxg4 Kf7 49. Kf5 e6+ 50. Ke5 Ke7 51. f4 1-0

[Event "*** Titled Tuesday Blitz"]
[Site "Chess.com"]
[Date "2020.05.05"]
[Round "3"]
[White "Volodar_Murzin"]
[Black "Falia-p"]
[Result "1/2-1/2"]
[WhiteElo "2631"]
[BlackElo "2377"]
[TimeControl "180+1"]
[EndTime "10:30:19 PDT"]
[Termination "Game drawn by repetition"]

1. e4 c6 2. Nf3 d5 3. Nc3 Bg4 4. h3 Bxf3 5. Qxf3 e6 6. d3 Nd7 7. g3 Qb6 8. Bg2 Bd6 9. O-O Ne7 10. Kh1 d4 11. Nd1 e5 12. Qe2 O-O-O 13. f4 f6 14. Nf2 Kb8 15. Rb1 Ka8 16. b4 h5 17. f5 g6 18. a4 Bxb4 19. Bd2 a5 20. Bxb4 axb4 21. a5 Qb5 22. Kh2 g5 23. Rb2 Nc5 24. Rfb1 Na6 25. Qe1 c5 26. Nd1 Qxa5 27. Qd2 Nc6 28. Qc1 h4 29. g4 Kb8 30. Ra1 Qc7 31.
Rba2 Kc8 32. Nb2 Kd7 33. Nc4 Ke7 34. Qb2 Ra8 35. Qb3 Ra7 36. Nb6 Qd6 37. Nd5+ Kf8 38. Qa4 Kg7 39. Qb5 Rha8 40. Qb6 Kf7 41. Kh1 Kg7 42. Bf3 Kf7 43. Kg2 Kg7 44. Be2 Kf7 45. Bf3 Kg7 46. Ra4 Kf7 47. Be2 Kg7 48. Kf2 Kh6 49.
Bf3 Kg7 50. Kg2 Kh6 51. Be2 Kg7 52. Bf3 1/2-1/2

[Event "*** Titled Tuesday Blitz"]
[Site "Chess.com"]
[Date "2020.05.05"]
[Round "3"]
[White "AVolodin"]
[Black "Korona_91"]
[Result "0-1"]
[WhiteElo "2665"]
[BlackElo "2440"]
[TimeControl "180+1"]
[EndTime "10:30:20 PDT"]
[Termination "Korona_91 won on time"]

1. d4 g6 2. h4 d6 3. h5 Nf6 4. h6 b6 5. c3 Bb7 6. Nf3 Nbd7 7. Bg5 Ne4 8. Bf4 Ndf6 9. Nbd2 Qd7 10. e3 Ng4 11.
Nxe4 Bxe4 12. Bd3 Bxd3 13. Qxd3 f6 14. e4 g5 15. Bg3 Nxh6 16. O-O-O Nf7 17. e5 dxe5 18.
Rxh7 Rxh7 19. Qxh7 Qa4 20. dxe5 Qxa2 21. exf6 Qa1+ 22.
Kc2 Qa4+ 23. Kc1 Qa1+ 24. Qb1 Qxb1+ 25. Kxb1 exf6 26. Bxc7 Rc8 27. Bg3 Bc5 28. b4 Be7 29.
Kb2 f5 30. Nd4 f4 31. Bh2 a5 32. bxa5 bxa5 33. g3 Bd6 34. gxf4 gxf4 35. Ne6 Be5 36.
Rd3 Rc4 37. Kb3 Re4 38. f3 Re3 39. Rxe3 fxe3 40. f4 e2 41. Bg3 Ke7 42. Nc5 Bxf4 43. Be1 Ne5 44. Kc2 Nf3 45. Nd3 Bd6 46. Bf2 Ke6 47. Ne1 Ne5 48. Kd2 Ng4 49. Kxe2 Nxf2 50.
Kxf2 Kd5 51. Ke2 Kc4 52. Kd2 a4 53. Kc2 Be5 54. Nf3 Bxc3 55. Ng5 a3 0-1

[Event "*** Titled Tuesday Blitz"]
[Site "Chess.com"]
[Date "2020.05.05"]
[Round "3"]
[White "DenishevM"]
[Black "Malysch"]
[Result "1-0"]
[WhiteElo "2592"]
[BlackElo "2374"]
[TimeControl "180+1"]
[EndTime "10:30:20 PDT"]
[Termination "DenishevM won on time"]

1. d4 d5 2. c4 e6 3. Nf3 c6 4. Nbd2 Nf6 5. e3 Nbd7 6. Bd3 Be7 7. O-O O-O 8. e4 dxe4 9. Nxe4 Nxe4 10. Bxe4 Nf6 11.
Bc2 c5 12. Bg5 cxd4 13. Qd3 g6 14. Rad1 Bd7 15. Nxd4 Qc7 16. Qf3 Kg7 17. b3 e5 18.
Ne2 Bc6 19. Qh3 Rfd8 20. Nc3 h5 21. Qh4 Rxd1 22. Rxd1 Rd8 23. Re1 Rd4 24. Qh3 Ng4 25. Bxe7 Qxe7 26. Be4 Bxe4 27. Nxe4 Qb4 28. Qc3 Qxc3 29. Nxc3 Rd2 30. f3 Nf6 31. Rxe5 Rc2 32.
Re3 Nd7 33. a3 a5 34. Nb5 Nc5 35. Rc3 Ra2 36. b4 axb4 37. axb4 Ne6 38. c5 Nf4 39.
Rc4 Nxg2 40. Nd6 Ne1 41. Rc3 Rb2 42. b5 Nc2 43. c6 Nd4 44. c7 Ne2+ 45. Kf1 Nxc3 46.
c8=Q Nxb5 47. Nxb5 Rxb5 48. Qc3+ Kg8 49. Qc8+ Kg7 50.
Ke2 Rf5 51. Ke3 1-0

[Event "*** Titled Tuesday Blitz"]
[Site "Chess.com"]
[Date "2020.05.05"]
[Round "3"]
[White "mikolka1985"]
[Black "dcann0n88"]
[Result "1-0"]
[WhiteElo "2569"]
[BlackElo "2359"]
[TimeControl "180+1"]
[EndTime "10:30:21 PDT"]
[Termination "mikolka1985 won by resignation"]

1. d4 Nf6 2. c4 g6 3. g3 Bg7 4.
Bg2 O-O 5. Nc3 d6 6. Nf3 Nc6 7. O-O a6 8. Re1 Rb8 9. Rb1 e5 10. d5 Nd4 11. Nxd4 exd4 12. Qxd4 Bf5 13. Ra1 Ne4 14.
Qe3 Nxc3 15. bxc3 Re8 16. Qd2 Qd7 17. e4 Bh3 18. Bh1 f5 19. f3 fxe4 20. fxe4 Rf8 21. Qd3 Qf7 22. Be3 Bh6 23. Qd2 Bg7 24. Bd4 Bxd4+ 25.
cxd4 Rbe8 26. Bg2 Bxg2 27. Qxg2 Qf6 28. Rad1 Qf3 29. Qxf3 Rxf3 30. Rd2 Rc3 31. e5 Rxc4 32. e6 Ra4 33. Rf1 Re7 34. Rb1 b5 35. Rc1 Ra3 36. Kf2 a5 37. Rdc2 b4 38. Rxc7 Rxc7 39. Rxc7 Rxa2+ 40.
Kf3 Kf8 41. Rb7 Ra3+ 42. Kf4 b3 43. Kg5 Ra1 44. Rxb3 a4 45. Rb8+ Ke7 46. Rb7+ Ke8 47. Ra7 a3 48. Kf6 Rf1+ 49. Kg7 Ra1 50. Kxh7 a2 51. h4 Rd1 52. Rxa2 Rxd4 53. Ra8+ Ke7 54. Ra7+ Kf6 55. Rf7+ Ke5 56. e7 1-0

[Event "*** Titled Tuesday Blitz"]
[Site "Chess.com"]
[Date "2020.05.05"]
[Round "3"]
[White "Antelacus"]
[Black "FMOlexandrProhorov"]
[Result "0-1"]
[WhiteElo "2293"]
[BlackElo "2063"]
[TimeControl "180+1"]
[EndTime "10:30:21 PDT"]
[Termination "FMOlexandrProhorov won by resignation"]

1. d4 g6 2. e4 Bg7 3. Nc3 c6 4. Nf3 d5 5. e5 f6 6. exf6 exf6 7. Be2 Nh6 8. O-O O-O 9. Bf4 Nf7 10. Qd2 Re8 11.
Rfe1 Nd7 12. h4 Nf8 13. Bf1 Bg4 14. Nh2 Bf5 15. g4 Bd7 16. f3 Ne6 17. Be3 Qc7 18. Kg2 Re7 19. Bd3 Rae8 20. Nf1 b5 21. Ng3 Nd6 22. a3 Nc4 23. Bxc4 bxc4 24. Re2 Qb6 25.
Na4 Qb8 26. Rae1 Kf7 27. c3 Qb5 28. Nc5 Nxc5 29. dxc5 Rxe3 30. Rxe3 Qxc5 31. Rxe8 Bxe8 32. Qe3 Qxe3 33. Rxe3 Bf8 34. Re1 c5 35. Ne2 Bc6 36. Nf4 Bd6 37. Nh3 d4 38. cxd4 cxd4 39. Rd1 Be5 40. Kf2 d3 41. Rd2 Bd4+ 42. Kg3 Be3 43. Rd1 Ba4 44. Rh1 d2 45. Nf2 Bxf2+ 46. Kxf2 d1=Q 47. Rxd1 Bxd1 48. Ke3 Ke6 49. Ke4 f5+ 50. gxf5+ gxf5+ 51. Kf4 Kf6 52. Ke3 Ke5 53. f4+ Kd5 54. Kd2 Bf3 55. Kc3 Be2 56. b3 cxb3 57. Kxb3 Ke4 58. Kb4 Kxf4 59. Kc5 Ke5 60. a4 f4 0-1

[Event "*** Titled Tuesday Blitz"]
[Site "Chess.com"]
[Date "2020.05.05"]
[Round "3"]
[White "LizaSolovyova"]
[Black "Sashadav97"]
[Result "1-0"]
[WhiteElo "2561"]
[BlackElo "2751"]
[TimeControl "180+1"]
[EndTime "10:30:22 PDT"]
[Termination "LizaSolovyova won by resignation"]

1. e4 c5 2. d3 Nc6 3. c3 e6 4. Qc2 d5 5. h3 Nf6 6. Nf3 b6 7. Bg5 Be7 8. Nbd2 Bb7 9. Be2 O-O 10.
O-O h6 11. Bf4 d4 12. c4 Nd7 13. a3 f5 14. Bh2 f4 15. Kh1 e5 16. Rg1 g5 17. g3 Kh7 18. Rg2 Rg8 19. Rag1 Qc7 20.
Qd1 Bf6 21. gxf4 gxf4 22. Rxg8 Rxg8 23. Rxg8 Kxg8 24. Qg1+ Kh7 25. Qg4 Nf8 26. Nh4 Bc8 27. Nf5 Qf7 28. Qh5 Qxh5 29. Bxh5 Ne7 30. Nxe7 Bxe7 31.
Kg2 Bf6 32. Bg4 Bxg4 33. hxg4 a6 34. Bg1 Kg6 35. f3 h5 36. gxh5+ Kxh5 37. Bf2 Be7 38. Nf1 Nd7 39. Nh2 Kg6 40. Ng4 b5 41.
b3 Kf7 42. Be1 bxc4 43. bxc4 Nb6 44. Nxe5+ Ke6 45. Ng6 Bg5 46. Bd2 Na4 47. Bxf4 Kf6 48. Bxg5+ Kxg5 49. Ne5 Kf4 50. Nd7 Ke3 51. e5 Kxd3 52. e6 Kc2 53. e7 d3 54. e8=Q d2 55.
Qe4+ Kc1 56. Qe3 Kc2 57. Nxc5 d1=Q 58. Qb3+ Kc1 59. Qxd1+ Kxd1 60. Nxa4 1-0

[Event "*** Titled Tuesday Blitz"]
[Site "Chess.com"]
[Date "2020.05.05"]
[Round "3"]
[White "tigra"]
[Black "pedromartinez91"]
[Result "1-0"]
[WhiteElo "2795"]
[BlackElo "2517"]
[TimeControl "180+1"]
[EndTime "10:30:22 PDT"]
[Termination "tigra won by resignation"]

1. e3 e6 2. Nf3 Nf6 3. c4 c5 4. d4 cxd4 5. exd4 d5 6. Nc3 Be7 7. a3 Nc6 8. c5 b6 9. Bb5 Bd7 10. Bxc6 Bxc6 11. Ne5 Rc8 12. b4 bxc5 13. bxc5 O-O 14.
O-O Nd7 15. Bf4 Nxe5 16. Bxe5 Re8 17. Qg4 Bf8 18. Qg3 f6 19. Bf4 e5 20. Be3 Qa5 21. Rfc1 exd4 22. Bxd4 Bxc5 23. Bxf6 Bf8 24. Bd4 Ba8 25. h3 Rc4 26. Rd1 Rec8 27. Ne2 Qc7 28. Qg4 Qf7 29. Nf4 Re8 30. f3 Rxd4 31. Rxd4 Bc5 32. Nd3 h5 33. Qh4 Bb6 34. Kh1 Bxd4 35. Qxd4 Qf6 36. Qxf6 gxf6 37. Rd1 Re3 38. Kg1 Bc6 39.
Kf2 d4 40. Nf4 Rxa3 41. Nxh5 d3 42. Nxf6+ Kf7 43. Ng4 Ra2+ 44. Kg3 Bb5 45. Ne5+ Ke6 46. Nxd3 a5 47. h4 a4 48. Nc5+ Kf6 49. Kf4 Rxg2 50.
Rd6+ Ke7 51. Rb6 Bc4 52. Nxa4 Be2 53. Nc3 Rh2 54. Rb2 Rxh4+ 55. Kg3 Rb4 56. Rxe2+ Kf6 57. Nd5+ 1-0

[Event "*** Titled Tuesday Blitz"]
[Site "Chess.com"]
[Date "2020.05.05"]
[Round "3"]
[White "mirceaparligras"]
[Black "Frogo47"]
[Result "0-1"]
[WhiteElo "2635"]
[BlackElo "2427"]
[TimeControl "180+1"]
[EndTime "10:30:22 PDT"]
[Termination "Frogo47 won by resignation"]

1. d4 Nf6 2. Bf4 g6 3. e3 Bg7 4. Nf3 O-O 5. h3 d6 6. Be2 c5 7. c3 Qb6 8. Qb3 Be6 9. Qxb6 axb6 10. a3 Bd7 11. Nbd2 Bc6 12. O-O Nbd7 13. Bh2 b5 14. Bd3 Rfe8 15. e4 c4 16. Bc2 Nb6 17. d5 Bd7 18.
Nd4 Rec8 19. g4 Na4 20. Rab1 Ne8 21. N2f3 Nc7 22. Rfe1 Na6 23. e5 dxe5 24. Nxe5 Be8 25.
Nef3 Bf8 26. Bxa4 bxa4 27. Re2 Nc5 28. Rd1 Rd8 29. Nc2 Nd3 30. Nb4 Bb5 31. Ne5 Rac8 32.
Red2 Bg7 33. Nbxd3 cxd3 34. Nxd3 Rxd5 35. Nb4 Rxd2 36.
Rxd2 e6 37. Rd6 Bf8 38. Rb6 Bxb4 39. Rxb5 Bc5 40. Rxb7 Rd8 41. Rb8 Rxb8 42. Bxb8 f5 43. Kf1 Kf7 44. Be5 fxg4 45. hxg4 h5 46. f3 Ke7 47. Ke2 Kd7 48. Bg3 Kc6 49. Kd3 Kd5 50. c4+ Kc6 51. Kc3 Be7 52. b4 axb3 53. Kxb3 Bc5 54. a4 Be7 55. a5 h4 56. Bh2 h3 57.
Ka4 Bd6 58. f4 g5 59. a6 Bxf4 60. Bg1 h2 61. Bxh2 Bxh2 62. Ka5 Bc7+ 63. Kb4 Kb6 64. c5+ Kxa6 65. Kc4 Kb7 66. Kb5 Be5 67. c6+ Kc7 68. Kc5 Bd6+ 69. Kb5 Be7 70. Kc4 Kxc6 0-1

[Event "*** Titled Tuesday Blitz"]
[Site "Chess.com"]
[Date "2020.05.05"]
[Round "3"]
[White "Nafania1"]
[Black "lamomiablanca"]
[Result "0-1"]
[WhiteElo "2375"]
[BlackElo "2132"]
[TimeControl "180+1"]
[EndTime "10:30:22 PDT"]
[Termination "lamomiablanca won on time"]

1. e4 c5 2. Nf3 Nc6 3. Bb5 g6 4. c3 Nf6 5. Qe2 Bg7 6. d4 cxd4 7. cxd4 d5 8. e5 Ne4 9. O-O O-O 10. Rd1 Qb6 11. Nc3 Nxc3 12. bxc3 Bg4 13. h3 Bxf3 14.
gxf3 e6 15. Ba3 Rfc8 16. Rab1 a6 17. Bd3 Qc7 18. Bd6 Qd7 19. Qb2 Na5 20. Qb6 Nc4 21.
Qxb7 Qd8 22. Bxc4 Rxc4 23. Be7 Qe8 24. Rb3 Rac8 25. Bd6 Bh6 26. Qxa6 Qd8 27. Qa7 Qg5+ 28. Kf1 Qf5 29. Ke2 Qc2+ 30. Ke1 Rxc3 31. Rxc3 Qxc3+ 32. Ke2 Qc2+ 33. Ke1 Qf5 34. Qd7 Qc2 35. a4 Bf4 36. a5 Qc3+ 37. Ke2 Qc4+ 38. Ke1 Qb4+ 39. Ke2 Qb2+ 40.
Ke1 Kg7 41. Qe7 Qc3+ 42. Ke2 Qc4+ 43. Ke1 h5 44. Qf6+ Kg8 45. Qxf4 Qc3+ 46. Kf1 Qc2 47. Rd2 Qc1+ 48. Kg2 Rc2 49. Bb4 Rb2 50. Qe3 Rxb4 51. Ra2 Qc4 0-1

[Event "*** Titled Tuesday Blitz"]
[Site "Chess.com"]
[Date "2020.05.05"]
[Round "3"]
[White "GMKrikor"]
[Black "Philosopherrr"]
[Result "0-1"]
[WhiteElo "2849"]
[BlackElo "2475"]
[TimeControl "180+1"]
[EndTime "10:30:23 PDT"]
[Termination "Philosopherrr won by resignation"]

1. Nf3 g6 2. c4 Bg7 3. e4 d6 4. d4 Nf6 5. Nc3 O-O 6. h3 c5 7. d5 e6 8. Bd3 exd5 9. exd5 Re8+ 10. Be3 Rxe3+ 11. fxe3 Qe7 12. e4 Nbd7 13. O-O Nh5 14. Qd2 Ne5 15. Nxe5 Bxe5 16. Ne2 Ng3 17. Nxg3 Bxg3 18.
Rf3 Be5 19. Raf1 f6 20. a3 Bd7 21. b4 b6 22. bxc5 bxc5 23. Bc2 Re8 24. Rb3 Bc8 25. Rb8 Kg7 26. Kh1 h5 27. Ba4 Rd8 28. Bc6 Ba6 29. Rxd8 Qxd8 30. Qc2 Qa5 31. Ba4 Bc8 32. Rd1 h4 33. Qb3 Ba6 34. Bb5 Bc8 35. Bc6 Ba6 36. Bb7 Bxb7 37. Qxb7+ Kh6 38. Qb3 a6 39. Qd3 Kg7 40. Rb1 Bd4 41. Rb7+ Kh6 42. Rb1 Kg7 43. Qc2 Qxa3 44. Rb7+ Kh6 45. Qd2+ Be3 46. Qe1 g5 47. Qf1 Bf4 48. Rd7 Qg3 49. Kg1 Kg6 50. Qf3 Qe1+ 51.
Qf1 Be3+ 0-1

[Event "*** Titled Tuesday Blitz"]
[Site "Chess.com"]
[Date "2020.05.05"]
[Round "3"]
[White "Gurvich_Vitaly"]
[Black "Rap_woyska"]
[Result "1/2-1/2"]
[WhiteElo "2554"]
[BlackElo "2365"]
[TimeControl "180+1"]
[EndTime "10:30:23 PDT"]
[Termination "Game drawn by stalemate"]

1. e4 e6 2. d4 d5 3. Nd2 Be7 4. Bd3 c5 5. dxc5 Nf6 6. Ngf3 dxe4 7. Nxe4 Nxe4 8. Bxe4 Qxd1+ 9. Kxd1 Bxc5 10. Ke2 Nd7 11. Be3 Bxe3 12. Kxe3 Nc5 13. Rhd1 Ke7 14. Ne5 Nxe4 15.
Kxe4 f6 16. Nc4 Bd7 17. g3 Rac8 18. Na3 g5 19. Rd2 h5 20. Rad1 Bc6+ 21. Ke3 h4 22.
Nc4 b6 23. Nd6 Rc7 24. c4 Rd7 25. Ne4 Rxd2 26. Rxd2 hxg3 27. hxg3 Rh1 28. Nc3 Re1+ 29. Re2 Ra1 30. b4 Rc1 31. Kd3 Bf3 32. Rb2 Kd6 33. Nb5+ Ke5 34. Nc3 f5 35. c5 g4 36.
cxb6 axb6 37. a4 Kd6 38. a5 bxa5 39. bxa5 e5 40. Rb6+ Kd7 41. a6 Ra1 42. Nb5 Bg2 43. Rf6 Bf1+ 44. Kc3 Bxb5 45. Rxf5 Ke6 46. Rg5 Be2 47. Kd2 Bf3 48. Rg6+ Kd5 49. Rb6 Kc5 50. Re6 Kd5 51. Rb6 Ke4 52. Rb4+ Kf5 53. Rb6 Ra2+ 54. Ke1 Ke4 55. Rb3 Rxa6 56. Re3+ Kf5 57. Rb3 Rd6 58. Rb1 Ke4 59. Ra1 Rd4 60. Rb1 Kd3 61. Ra1 Kc2 62.
Ra2+ Kb1 63. Rd2 Rxd2 64. Kxd2 Kb2 65. Ke3 Kc3 1/2-1/2

[Event "*** Titled Tuesday Blitz"]
[Site "Chess.com"]
[Date "2020.05.05"]
[Round "3"]
[White "Bastiandash"]
[Black "davigator"]
[Result "1-0"]
[WhiteElo "2102"]
[BlackElo "2309"]
[TimeControl "180+1"]
[EndTime "10:30:23 PDT"]
[Termination "Bastiandash won by checkmate"]

1. d4 Nf6 2. Nf3 e6 3. c3 d5 4. Bg5 Nbd7 5. e3 c5 6. Bd3 Be7 7. O-O b6 8. Nbd2 Bb7 9. Ne5 O-O 10. f4 Ne4 11. Bxe7 Qxe7 12. Nxd7 Qxd7 13. Nf3 f6 14. Qe2 Qe7 15. Rad1 Rac8 16. a3 Rfe8 17. Rfe1 Bc6 18.
Bb5 Qd7 19. Bxc6 Qxc6 20. Nd2 f5 21. Nf3 Qa4 22. Ne5 Re7 23. Rf1 Qb3 24. Rf3 g6 25. Rh3 Rg7 26. Kh1 Qa4 27. g4 Rcc7 28. Rg1 a6 29. g5 Qb5 30. Re1 Rc8 31. Kg2 Rgc7 32. Rh6 Rg7 33. h4 Qxe2+ 34. Rxe2 b5 35. h5 gxh5 36. Rxe6 a5 37. Rb6 b4 38. axb4 axb4 39.
cxb4 cxd4 40. exd4 Ra7 41. Rb5 Ra1 42. Rxd5 Rcc1 43.
Nf3 h4 44. Rxf5 Nd6 45. Rd5 Nf7 46. Rd7 Rc8 47. Nxh4 Rf8 48. Nf5 Ra6 49. d5 Nxg5 50.
fxg5 Rxf5 51. Re8+ Rf8 52. Rxf8+ Kxf8 53. Rb7 Rd6 54.
Rb5 Kf7 55. Kf3 Kg6 56. Kg4 Rd8 57. Rc5 Rb8 58. b5 Rb7 59. Rc6+ Kg7 60. b6 Kg8 61. d6 Rf7 62. Rc8+ Kg7 63. Rc7 Kg6 64. Rxf7 Kxf7 65. b7 Ke6 66. b8=Q Kd7 67. Qh8 Ke6 68. Qxh7 Kxd6 69.
g6 Ke6 70. g7 Kf7 71. g8=Q+ Kf6 72. Qf5+ Ke7 73. Qg7+ Kd6 74. Qgf6+ Kc7 75. Qh7+ Kb8 76.
Qfh8# 1-0

[Event "*** Titled Tuesday Blitz"]
[Site "Chess.com"]
[Date "2020.05.05"]
[Round "3"]
[White "yoolund"]
[Black "Gulkov_Igor"]
[Result "0-1"]
[WhiteElo "2571"]
[BlackElo "2399"]
[TimeControl "180+1"]
[EndTime "10:30:24 PDT"]
[Termination "Gulkov_Igor won on time"]

1. d4 Nf6 2. Bg5 d5 3. Bxf6 exf6 4. e3 Be6 5. Nd2 Bd6 6. c4 dxc4 7. Bxc4 Bxc4 8.
Nxc4 Bb4+ 9. Nd2 O-O 10. Ne2 Nd7 11. O-O f5 12. Rc1 c6 13. Nf3 Nf6 14. Qd3 g6 15.
Rfd1 Qe7 16. h3 Ne4 17. a3 Bd6 18. Nd2 Rfd8 19. Nc3 Nxc3 20. Qxc3 Rac8 21. Qb3 Bb8 22. Nf3 f4 23. e4 Rd7 24. Re1 Rcd8 25. Rcd1 h5 26.
d5 cxd5 27. Rxd5 Kg7 28. Red1 Rxd5 29. Rxd5 Rxd5 30. Qxd5 a6 31. Kh2 Kg8 32. b4 Ba7 33.
Kg1 Bb8 34. Ng5 Kg7 35. Kh2 f3+ 36. g3 Qf6 37. h4 Be5 38. Qd3 Bd4 39. Kg1 Bb2 40.
Nxf3 b5 41. Kg2 Qe6 42. Qe3 Qf6 43. e5 Qe6 44. Qe4 Qc4 45. Qe3 Bc1 0-1

[Event "*** Titled Tuesday Blitz"]
[Site "Chess.com"]
[Date "2020.05.05"]
[Round "3"]
[White "vangulio"]
[Black "narutosmith"]
[Result "1-0"]
[WhiteElo "2520"]
[BlackElo "2264"]
[TimeControl "180+1"]
[EndTime "10:30:24 PDT"]
[Termination "vangulio won on time"]

1. e4 c5 2. Nf3 e6 3. d4 cxd4 4. Nxd4 Nc6 5. Nc3 Qc7 6. Be3 a6 7. Qf3 Nf6 8. Qg3 Qxg3 9. hxg3 Ng4 10. Nxc6 Nxe3 11. Nd4 Nxf1 12. Kxf1 Bb4 13. Nce2 O-O 14. a3 Bc5 15. b4 Be7 16. c4 b6 17.
f3 Bb7 18. Kf2 d5 19. cxd5 exd5 20. e5 g6 21. Rac1 Rfc8 22. f4 a5 23. bxa5 bxa5 24. a4 Bc5 25. g4 Ba6 26. Kf3 Bd3 27. Rc3 Bc4 28. Rhc1 Rab8 29. Nb5 Bb4 30. R3c2 Rd8 31. Ned4 Rbc8 32. g3 Rd7 33. g5 Kg7 34. g4 Rh8 35. f5 Re8 36. e6 fxe6 37. Nxe6+ Kf7 38. Nbd4 Bd6 39. Rh1 Kg8 40. Rh6 Bd3 41. Rc6 Be4+ 42. Kf2 Be5 43. Nb5 Rb7 44. Nc5 Rbe7 45. Nxe4 dxe4 46.
fxg6 hxg6 47. Rhxg6+ Rg7 48. Ke2 Rxg6 49. Rxg6+ Kf7 50.
Ra6 Rg8 51. Ra7+ Ke6 52. Rxa5 Rxg5 53. Ra6+ Kd5 54. Ra8 Rxg4 55. Rd8+ Kc4 56. Kf2 Kb4 57. Rd5 1-0

[Event "*** Titled Tuesday Blitz"]
[Site "Chess.com"]
[Date "2020.05.05"]
[Round "3"]
[White "Zakaryan_David"]
[Black "temus_galaktionov"]
[Result "1-0"]
[WhiteElo "2566"]
[BlackElo "2763"]
[TimeControl "180+1"]
[EndTime "10:30:25 PDT"]
[Termination "Zakaryan_David won on time"]

1. d4 c6 2. c4 g6 3. Nc3 Bg7 4. e4 d6 5. Be3 Nd7 6. Nf3 e5 7. Qd2 Ngf6 8. h3 O-O 9. d5 c5 10. Be2 a6 11. a3 Ne8 12. g4 f6 13. h4 Rf7 14. h5 Nf8 15. b4 cxb4 16. axb4 Bxg4 17. hxg6 hxg6 18. c5 Rc8 19. Nxe5 dxe5 20. Bxg4 f5 21. Bg5 Bf6 22. Bxf6 Qxf6 23. Bh3 Rd8 24.
exf5 gxf5 25. O-O-O Ng7 26. d6 e4 27. Qd4 Qg5+ 28. Qd2 Qf6 29. Rhg1 Ne6 30. Kb1 Kf8 31. Bf1 a5 32. Nd5 Qe5 33. Rh1 Ke8 34. Bb5+ Rdd7 35.
Rh8+ Nf8 36. Bxd7+ Rxd7 37. Nc7+ Kf7 38. Qd5+ Qxd5 39.
Rxd5 axb4 40. Kb2 Ng6 41. Rh7 Kf6 42. Kb3 Nf4 43. Rd1 Nd3 44. Rg1 Nxc5+ 45. Kxb4 Nd3+ 46. Kc3 Nxf2 47. Rgxg7 Rxd6 48. Ne8+ Ke5 49. Nxd6 Kxd6 50. Rxb7 Ke5 51. Rh4 Nd3 52. Rb5+ 1-0

[Event "*** Titled Tuesday Blitz"]
[Site "Chess.com"]
[Date "2020.05.05"]
[Round "3"]
[White "yamalchess"]
[Black "SlavenPastar"]
[Result "1/2-1/2"]
[WhiteElo "2559"]
[BlackElo "2366"]
[TimeControl "180+1"]
[EndTime "10:30:25 PDT"]
[Termination "Game drawn by repetition"]

1. d4 b6 2. c4 Bb7 3. Nc3 e6 4. a3 f5 5. Bf4 Nf6 6. e3 Be7 7. Nf3 O-O 8. h3 Ne4 9. Bd3 d6 10. Qc2 Nxc3 11. Qxc3 Nd7 12. b4 a5 13. b5 Nf6 14.
Qc2 Ne4 15. O-O g5 16. Bh2 h5 17.
Nd2 Nxd2 18. Qxd2 g4 19. f3 gxh3 20. gxh3 Kf7 21. e4 Bf6 22. Bc2 Rg8+ 23. Kh1 Bg5 24. Qe2 f4 25. e5 dxe5 26. dxe5 Qe7 27. Be4 Bxe4 28. Qxe4 Rad8 29. Rad1 Qxa3 30. Bxf4 Be7 31. Qh7+ Rg7 32. Qxh5+ Kg8 33. Rxd8+ Bxd8 34. Qe8+ Kh7 35. Qh5+ Kg8 36. Bh6 Qd3 37. Rg1 Rxg1+ 38. Kxg1 Qd1+ 39. Kg2 Qe2+ 40. Kg1 Qe1+ 41. Kg2 Qe2+ 42. Kg3 Qe1+ 43. Kg2 Qe2+ 1/2-1/2

[Event "*** Titled Tuesday Blitz"]
[Site "Chess.com"]
[Date "2020.05.05"]
[Round "3"]
[White "lucliasco"]
[Black "GOGIEFF"]
[Result "1/2-1/2"]
[WhiteElo "2668"]
[BlackElo "2995"]
[TimeControl "180+1"]
[EndTime "10:30:26 PDT"]
[Termination "Game drawn by repetition"]

1. d4 Nf6 2. Nf3 e6 3. Bf4 d5 4. e3 Bd6 5. Bg3 O-O 6. Bd3 c5 7. c3 Qc7 8. Nbd2 Nbd7 9. Bxd6 Qxd6 10. O-O e5 11. Nxe5 Nxe5 12. dxe5 Qxe5 13. Re1 Bg4 14.
Be2 Be6 15. Qa4 a6 16. Qf4 Qxf4 17. exf4 Rad8 18. Nf3 Rfe8 19. Rad1 h6 20. Ne5 Kf8 21. Bf3 b6 22. a3 Rc8 23. g3 Red8 24. Kg2 a5 25. Be2 Nd7 26. Nxd7+ Bxd7 27. Bf3 Bc6 28. Rd2 Rd6 29. Red1 Rcd8 30. b4 a4 31. bxc5 bxc5 32. h4 Ke7 33. Re1+ Kd7 34. Red1 Kc7 35. Rb2 Rb8 36. Rxb8 Kxb8 37. c4 d4 38. Bxc6 Rxc6 39. Rb1+ Kc7 40. Kf3 Rb6 41. Rxb6 Kxb6 42. Ke2 Kc6 43.
Kd3 Kd7 44. f5 Kd6 45. Ke4 Ke7 46. g4 Kf6 47. Kf4 h5 48. g5+ Ke7 49. Ke4 Kd6 50. Kf4 g6 51. fxg6 fxg6 52. Ke4 Ke7 53. Kf4 Ke6 54. Ke4 Kd6 55. Kf4 Ke6 56. Ke4 Kd6 57.
Kf4 Ke6 1/2-1/2

[Event "*** Titled Tuesday Blitz"]
[Site "Chess.com"]
[Date "2020.05.05"]
[Round "3"]
[White "ZCorrales"]
[Black "Akhayan"]
[Result "0-1"]
[WhiteElo "2044"]
[BlackElo "2310"]
[TimeControl "180+1"]
[EndTime "10:30:27 PDT"]
[Termination "Akhayan won by checkmate"]

1. e4 e6 2. d4 d5 3. e5 c5 4. c3 Qb6 5. Nf3 Nc6 6. Bd3 Bd7 7. a3 cxd4 8. cxd4 Nxd4 9. O-O Nb3 10. Ra2 Nxc1 11.
Qxc1 Rc8 12. Qd2 Bb5 13. b4 Bxd3 14. Qxd3 Ne7 15. Nc3 Nc6 16. Re2 Be7 17. Ng5 Bxg5 18. Kh1 Qd4 19. Qg3 Qf4 20. Qd3 O-O 21. g3 Qd4 22.
Rd1 Qxd3 23. Rxd3 Be7 24. f4 a6 25. Na4 Na7 26. Nb6 Rc6 27. Na4 b5 28. Nc3 Rfc8 29. Nxd5 exd5 30. Rxd5 g6 31. Red2 R6c7 32. Kg2 Nc6 33.
Kh3 h5 34. g4 hxg4+ 35. Kxg4 Kg7 36. h4 Rh8 37. Rd7 Rxh4+ 38. Kg3 Rxd7 39. Rxd7 Rh1 40. Rc7 Rc1 41. Kg4 Rc4 42. Kf3 g5 43. Kg3 gxf4+ 44. Kf2 Bf8 45. e6 Ne7 46. Ra7 fxe6 47. Rxa6 e5 48. Rb6 Rc3 49. Rxb5 Rxa3 50. Rxe5 Kf6 51. Re4 Kf5 52. Rc4 Ng6 53. b5 Rb3 54. Rc7 Rxb5 55.
Rf7+ Kg4 56. Rf6 Kg5 57. Rf7 Rb2+ 58. Ke1 Bb4+ 59. Kd1 Rg2 60. Rg7 Kf5 61. Rf7+ Ke4 62. Rf6 f3 63. Re6+ Kf5 64. Re8 f2 65. Ke2 Rh2 66.
Kf1 Bc5 67. Rc8 Rh1+ 68. Kg2 f1=Q+ 69. Kg3 Qf2# 0-1

[Event "*** Titled Tuesday Blitz"]
[Site "Chess.com"]
[Date "2020.05.05"]
[Round "3"]
[White "124chess"]
[Black "Fighter008"]
[Result "0-1"]
[WhiteElo "2727"]
[BlackElo "2547"]
[TimeControl "180+1"]
[EndTime "10:30:28 PDT"]
[Termination "Fighter008 won by resignation"]

1. e4 c5 2. Be2 d6 3. f4 g6 4. Nf3 Bg7 5. O-O Nc6 6. d3 e6 7. c3 Nge7 8. Be3 O-O 9. d4 cxd4 10.
cxd4 f5 11. e5 Nd5 12. Qd2 dxe5 13. dxe5 b6 14. Nc3 Nce7 15. Nb5 Nxe3 16. Qxe3 Nd5 17. Qd4 Ba6 18. Bc4 Bxb5 19. Bxb5 Qe7 20. Bc6 Rad8 21. Bxd5 Rxd5 22. Qc4 Rc5 23. Qb3 h6 24. Rfd1 Re8 25.
h4 Bf8 26. Rd2 Qc7 27. Rad1 Rc4 28. g3 Qc5+ 29. Kg2 Rc8 30. Rd4 b5 31. Rxc4 bxc4 32.
Qc2 Qc6 33. b3 Qa6 34. bxc4 Rxc4 35. Qe2 Qc6 36. Rd2 Rc3 37. Rd3 Rc2 38. Rd2 Rc3 39. Rd3 Rc1 40. Rd2 Bb4 41. Rb2 a5 42. a4 Rc3 43. h5 g5 44. fxg5 hxg5 45. Rd2 g4 46. Rd8+ Kh7 47. Qd2 Rc2 0-1